Map: Blackburn LE

Players

JonSnow

  • Race: Zerg Zerg
  • League: Master

TriGGeR - Winner!

  • Race: Protoss Protoss
  • League: Grandmaster

Event: DreamHack SC2 Masters 2021 Summer

VOD

Have the link to the VOD?

Description

Time

  • Played on: May 28, 2021, 5:52 p.m.
  • Length: 13:25

All games in this series

Show
View Real Time Build Order
Export as new Build Order

JonSnow Zerg 

Build Orders: Hatch First 

Get SALT Encoding   

  12  0:01  Drone  
  13  0:12  Overlord  
  13  0:17  Drone  
  14  0:30  Drone x2  
  16  0:49  Hatchery  
  15  0:52  Drone  
  15  0:56  Drone  
  17  0:59  Drone  
  18  1:05  Extractor  
  17  1:15  Spawning Pool  
  16  1:22  Drone x2  
  18  1:31  Drone  
  19  1:41  Drone  
  20  1:52  Overlord  
  20  2:02  Queen x2, Zergling x2  
  20  2:07  Metabolic Boost  
  25  2:12  Zergling x2  
  25  2:14  Drone  
  27  2:18  Drone  
  28  2:24  Drone x2  
  30  2:43  Hatchery, Drone  
  30  2:45  Drone  
  31  2:52  Overlord  
  31  2:55  Queen  
  33  3:07  Zergling x4  
  35  3:15  Drone x6  
  41  3:21  Overlord  
  41  3:23  Zergling x2  
  41  3:27  Queen  
  41  3:32  Overlord  
  43  3:38  Queen  
  45  3:44  Drone x3  
  47  3:51  Overlord  
  47  3:56  Drone  
  47  3:57  Drone  
  47  3:59  Zergling x6  
  51  4:04  Drone x4  
  51  4:08  Queen  
  56  4:14  Extractor  
  56  4:16  Roach Warren  
  54  4:19  Zergling x2  
  54  4:20  Zergling x4  
  57  4:24  Overlord  
  57  4:27  Queen  
  59  4:32  Queen  
  61  4:40  Overlord  
  58  4:46  Queen  
  60  4:54  Spore Crawler  
  60  4:57  Roach x3  
  65  5:02  Roach  
  65  5:03  Queen, Roach x2  
  73  5:08  Queen  
  73  5:12  Zergling x2, Roach  
  76  5:22  Roach x2  
  76  5:27  Zergling x2  
  76  5:28  Zergling x4  
  81  5:32  Overlord x2  
  81  5:43  Ravager  
  82  5:50  Queen, Overlord  
  82  5:52  Ravager x3  
  82  5:53  Zergling x14  
  93  6:02  Zergling x10  
  91  6:15  Zergling x12  
  91  6:16  Zergling x6  
  97  6:20  Drone  
  97  6:21  Drone x2  
  100  6:28  Drone x2  
  102  6:33  Drone, Queen  
  101  6:40  Drone  
  101  6:41  Drone x2  
  102  6:47  Ravager x3  
  102  6:51  Drone x2  
  102  6:53  Lair  
  105  6:55  Drone, Extractor  
  105  6:57  Evolution Chamber  
  105  6:59  Spore Crawler  
  101  7:03  Drone x3  
  101  7:09  Queen  
  101  7:10  Drone x2  
  98  7:19  Drone x2  
  99  7:24  Overlord x2  
  99  7:26  Extractor, Zerg Melee Weapons Level 1  
  97  7:33  Baneling Nest  
  95  7:42  Overlord x2  
  95  7:45  Overlord x2  
  95  7:46  Hatchery  
  95  7:50  Overlord  
  94  7:52  Drone  
  94  7:53  Drone  
  94  7:58  Evolution Chamber  
  93  7:59  Glial Reconstitution  
  93  8:01  Roach x2  
  93  8:05  Roach x4  
  105  8:20  Roach x3  
  109  8:30  Roach x4  
  109  8:31  Roach  
  113  8:35  Ravager x2  
  113  8:36  Queen x2  
  114  8:43  Zergling x6  
  114  8:44  Zergling x10  
  122  8:53  Zergling x2  
  122  8:54  Zergling x2  
  118  8:57  Overseer  
  118  8:59  Hatchery  
  118  9:00  Zergling x6  
  118  9:02  Centrifical Hooks  
  118  9:07  Zergling x4  
  118  9:08  Zergling x6  
  122  9:16  Zergling x8  
  126  9:20  Drone x2  
  126  9:21  Zerg Melee Weapons Level 2  
  128  9:27  Drone  
  128  9:29  Drone  
  130  9:35  Drone x3  
  130  9:37  Drone x4  
  133  9:38  Drone  
  133  9:41  Extractor, Infestation Pit  
  133  9:42  Extractor  
  133  9:43  Drone  
  129  9:52  Drone  
  128  9:53  Drone x4  
  128  9:57  Hatchery  
  131  10:02  Zergling x4  
  131  10:05  Overlord  
  131  10:06  Zergling x2  
  131  10:07  Zergling x6  
  137  10:20  Hive  
  137  10:23  Zergling x18  
  146  10:31  Baneling x6  
  146  10:32  Infestor x2  
  150  10:41  Zergling x14  
  157  10:48  Baneling x3  
  157  10:49  Zergling x6  
  160  10:50  Baneling  
  160  10:51  Baneling x5  
  160  10:56  Zergling x8  
  154  11:19  Hatchery  
  153  11:30  Overlord x2  
  153  11:31  Overlord  
  151  11:33  Adrenal Glands  
  151  11:34  Ultralisk Cavern  
  147  11:40  Zergling x24  
  147  11:42  Baneling  
  159  11:47  Zergling x2  
  159  11:48  Zergling x6  
  158  11:56  Zergling x12  
  134  12:02  Baneling x8  
  134  12:04  Zergling x2  
  130  12:09  Zergling x4  
  130  12:10  Zergling x2  
  128  12:19  Zergling x12  
  115  12:23  Zergling x4  
  115  12:28  Zergling x2  
  115  12:29  Zergling x6  
  118  12:32  Zergling x2  
  118  12:33  Zergling x4  
  121  12:39  Baneling x4  
  121  12:43  Zergling x6  
  120  12:49  Baneling  
  120  12:50  Baneling x2  
  116  12:51  Zergling x2  
  115  13:04  Zergling x6  
Show
View Real Time Build Order
Export as new Build Order

TriGGeR Protoss - Winner!

Build Orders: 1 Gate Expand 

Get SALT Encoding   

  12  0:00  Probe  
  13  0:12  Probe  
  14  0:19  Pylon  
  14  0:24  Probe  
  15  0:38  Probe (Chrono Boost)  
  15  0:40  Gateway  
  16  0:48  Probe (Chrono Boost)  
  17  0:50  Assimilator  
  17  0:53  Probe (Chrono Boost)  
  18  1:05  Probe  
  19  1:17  Probe  
  20  1:24  Nexus  
  20  1:29  Probe  
  21  1:37  Cybernetics Core  
  21  1:41  Probe  
  22  1:47  Assimilator  
  22  1:54  Pylon  
  22  1:56  Probe  
  23  2:10  Adept (Chrono Boost)  
  23  2:12  Probe (Chrono Boost)  
  23  2:14  Warp Gate  
  26  2:25  Probe (Chrono Boost)  
  27  2:30  Stargate  
  27  2:32  Probe (Chrono Boost)  
  27  2:36  Probe (Chrono Boost)  
  29  2:39  Stalker  
  32  2:45  Probe x2 (Chrono Boost)  
  32  2:51  Probe  
  34  2:52  Probe  
  35  3:03  Probe  
  35  3:04  Probe  
  37  3:06  Void Ray (Chrono Boost)  
  37  3:15  Probe  
  37  3:16  Probe  
  37  3:17  Pylon  
  43  3:27  Probe  
  43  3:28  Probe  
  43  3:33  Nexus  
  45  3:39  Probe  
  45  3:40  Probe  
  47  3:43  Gateway  
  47  3:44  Void Ray  
  45  3:55  Probe  
  50  3:58  Probe  
  51  4:05  Stalker  
  51  4:07  Probe  
  52  4:10  Probe  
  52  4:11  Pylon  
  52  4:13  Assimilator  
  52  4:16  Twilight Council  
  53  4:17  Assimilator  
  53  4:19  Probe  
  54  4:25  Pylon, Void Ray (Chrono Boost)  
  54  4:29  Probe  
  59  4:32  Probe  
  59  4:36  Adept  
  62  4:41  Pylon  
  62  4:45  Probe  
  63  4:48  Probe x2  
  65  4:53  Blink  
  65  4:56  Forge  
  65  4:57  Probe (Chrono Boost)  
  66  5:00  Pylon  
  66  5:01  Probe (Chrono Boost)  
  66  5:02  Probe (Chrono Boost)  
  66  5:07  Robotics Facility  
  68  5:09  Probe (Chrono Boost)  
  68  5:13  Probe (Chrono Boost)  
  71  5:17  Probe x2 (Chrono Boost)  
  71  5:19  Probe (Chrono Boost), Adept  
  71  5:20  Adept  
  77  5:25  Shield Battery  
  78  5:29  Gateway  
  78  5:33  Gateway  
  77  5:35  Shield Battery  
  77  5:37  Shield Battery  
  77  5:39  Shield Battery  
  77  5:43  Shield Battery  
  77  5:45  Pylon, Sentry x2  
  81  5:50  Pylon  
  81  5:51  Shield Battery  
  81  5:55  Immortal (Chrono Boost)  
  85  6:10  Gateway  
  85  6:11  Gateway  
  85  6:15  Shield Battery  
  84  6:21  Protoss Ground Weapons Level 1 (Chrono Boost), Stalker x2  
  82  6:34  Stalker x2  
  82  6:35  Immortal (Chrono Boost)  
  84  6:50  Stalker  
  84  6:53  Shield Battery, Pylon  
  86  7:02  Pylon  
  86  7:03  Pylon  
  82  7:17  Stalker x2  
  86  7:33  Stalker x2  
  86  7:39  Nexus  
  86  7:40  Stalker x3  
  86  7:41  Stalker  
  90  7:46  Pylon  
  90  8:00  Stalker x2  
  90  8:04  Stalker x2  
  98  8:06  Observer  
  99  8:17  Stalker x2  
  103  8:26  Stalker x2  
  103  8:35  Warp Prism  
  105  8:45  Stalker x2  
  101  8:58  Stalker x3  
  101  9:02  Protoss Ground Weapons Level 2 (Chrono Boost), Stalker  
  109  9:19  Shield Battery  
  109  9:20  Robotics Bay  
  109  9:23  Probe  
  110  9:24  Probe  
  107  9:39  Probe x2  
  107  9:42  Assimilator x2  
  109  9:46  Robotics Facility  
  109  9:51  Probe  
  109  9:52  Probe  
  111  9:56  Stalker  
  113  10:01  Sentry x3  
  113  10:03  Probe  
  113  10:04  Probe  
  121  10:09  Extended Thermal Lance  
  121  10:13  Pylon  
  121  10:16  Probe x2  
  121  10:18  Pylon  
  123  10:22  Pylon  
  123  10:26  Pylon  
  123  10:28  Probe x2, Colossus (Chrono Boost)  
  125  10:34  Colossus (Chrono Boost)  
  131  10:37  Stalker x2  
  131  10:41  Pylon  
  141  10:51  Pylon  
  141  11:01  Stalker x2  
  141  11:02  Stalker x3  
  151  11:07  Stalker  
  151  11:23  Photon Cannon  
  151  11:32  Stalker x3  
  157  11:42  Stalker  
  157  11:43  Stalker x2  
  163  11:47  Disruptor x2  
  167  12:00  Stalker x2  
  167  12:01  Stalker  
  131  12:16  Stalker  
  131  12:17  Stalker x2  
  125  12:27  Stalker x3  
  131  12:32  Observer  
  132  12:40  Stalker x3  
  136  12:49  Stalker  
  136  12:50  Stalker x2  
  130  13:15  Stalker x6  
Tags
 
Add a new tag
Caveats
  • Supply blocks, unpowered buildings, or Contaminate may cause inaccurate times.
  • Supply counts are checked every 10 seconds.